AoeStats
← EMPEROR98265292

Nomad

510067302Analyzed
4v4 RM · 4d ago on Sep 29, 2026· 56m 23s· 8 players
Game mode
Random Map
Map size
231×231
Population
200
Speed
Normal
Resources
Standard
Victory
Conquest
Starting age
Dark Age
Ending age
Imperial Age
RankedLock teamsTeams togetherTeam positionsShared explorationLock speedFull tech treeHidden civsTurbo modeCheats
Victory
Defeat
🇹🇷 Turks · Türkiye
1840
+7
🇩🇪 Bengalis · Germany
1510
+20
🇫🇮 Franks · Finland
1506
+20
🇹🇼 Mapuche · Taiwan
1433
+22
🇨🇳 Gurjaras · China
1702
-22
🇮🇳 Byzantines · India
1620
-18
🇮🇳 Teutons · India
1542
-15
🇩🇪 Celts · Germany
1531
-14
EMPEROR98265292
3:50 Loom
12:31 Feudal Age
14:43 Town Watch
24:40 Horse Collar
25:42 Double-Bit Axe
29:24 Castle Age
31:16 Wheelbarrow
30:55 Bow Saw
31:10 Heavy Plow
35:21 Scale Mail Armor
35:31 Forging
34:59 Pikeman
38:55 Chain Mail Armor
39:16 Iron Casting
39:57 Hand Cart
40:26 Gold Mining
40:27 Stone Mining
41:00 Fletching
41:46 Bodkin Arrow
42:08 Masonry
44:03 Ballistics
裂车长
12:37 Feudal Age
12:34 Loom
13:15 Double-Bit Axe
19:34 Castle Age
17:39 Fishing Lines
20:39 Bow Saw
21:13 Medium Warships
20:53 Gillnets
21:13 Horse Collar
27:50 Town Watch
28:25 Heavy Plow
29:45 Gold Mining
29:45 Stone Mining
31:52 Wheelbarrow
33:57 Hand Cart
37:01 Imperial Age
35:18 Scale Barding Armor
35:27 Bloodlines
35:18 Husbandry
36:57 Forging
37:44 Chain Barding Armor
37:18 Heavy Camel Rider
39:06 Conscription
39:29 Plate Barding Armor
39:29 Iron Casting
41:45 Elite Shrivamsha Rider
41:57 Siege Elephant
43:10 Kshatriyas
43:48 Scale Mail Armor
ntn88
4:44 Loom
13:01 Feudal Age
15:40 Double-Bit Axe
27:28 Castle Age
25:19 Horse Collar
27:14 Wheelbarrow
28:15 Gold Mining
28:36 Bow Saw
31:29 Imperial Age
29:45 Clinker Construction
29:43 Siphons
32:50 Medium Warships
32:03 Demolition Ship
33:21 Fletching
34:27 Heavy Warships
36:38 Bodkin Arrow
MyNameIsLassen
14:19 Feudal Age
13:58 Loom
15:17 Fishing Lines
15:24 Double-Bit Axe
17:59 Castle Age
16:15 Gold Mining
18:57 Medium Warships
18:59 Bow Saw
19:57 Gillnets
21:28 Forging
22:33 Horse Collar
24:04 Wheelbarrow
23:50 Fletching
26:41 Scale Mail Armor
27:20 Iron Casting
29:47 Town Watch
34:21 Imperial Age
33:53 Chain Mail Armor
34:29 Capped Ram
36:49 Plate Mail Armor
35:49 Siege Ram
36:38 Heavy Plow
39:40 Blast Furnace
40:08 Masonry
39:56 Bodkin Arrow
Kümmelbrot OP
4:33 Loom
12:51 Feudal Age
17:15 Castle Age
18:07 Town Watch
28:48 Double-Bit Axe
30:30 Horse Collar
31:07 Bow Saw
35:32 Gold Mining
36:36 Fishing Lines
37:44 Wheelbarrow
41:22 Imperial Age
38:44 Fletching
38:54 Padded Archer Armor
39:00 Scale Barding Armor
39:06 Forging
39:40 Hand Cart
40:42 Bodkin Arrow
41:02 Leather Archer Armor
40:51 Heavy Plow
41:28 Gold Shaft Mining
41:41 Chain Barding Armor
42:32 Iron Casting
41:51 Stone Mining
43:29 Two-Man Saw
43:08 Conscription
43:25 Mahayana
45:15 Plate Barding Armor
45:02 Town Patrol
44:28 Elite Ratha (Ranged)
45:35 Bracer
46:06 Ring Archer Armor
45:37 Murder Holes
47:19 Blast Furnace
47:26 Chemistry
46:49 Ballistics
47:25 Crop Rotation
47:16 Spies/Treason
47:36 Spies/Treason
49:17 Blast Furnace
48:48 Ring Archer Armor
48:41 Ballistics
50:34 Medium Warships
49:47 Demolition Ship
49:58 Elite Cannon Galleon
52:03 Heavy Warships
54:41 Paiks
55:19 Fortified Wall
55:20 Masonry
55:55 Guard Tower
55:57 Heated Shot
56:24 Clinker Construction
56:19 Siphons
56:36 Shipwright
56:56 Husbandry
57:07 Bloodlines
Honda
9:47 Loom
12:15 Feudal Age
12:44 Double-Bit Axe
14:55 Fletching
22:08 Castle Age
19:57 Horse Collar
23:01 Medium Warships
22:51 Bodkin Arrow
24:00 Bow Saw
24:12 Scale Barding Armor
26:11 Heavy Plow
29:32 Fishing Lines
32:34 Imperial Age
30:31 Husbandry
30:43 Forging
31:22 Bloodlines
31:37 Chain Barding Armor
31:24 Gillnets
33:06 Iron Casting
34:04 Plate Barding Armor
35:43 Blast Furnace
35:20 Conscription
41:45 Two-Man Saw
44:47 Wheelbarrow
47:27 Gold Mining
55:34 Spies/Treason
57:33 Gold Shaft Mining
Mizii
5:19 Loom
15:36 Feudal Age
20:08 Castle Age
18:17 Double-Bit Axe
19:20 Scale Barding Armor
19:25 Forging
21:47 Medium Warships
23:22 Bow Saw
25:08 Husbandry
29:11 Fishing Lines
31:26 Chain Barding Armor
33:06 Fletching
33:52 Iron Casting
37:55 Imperial Age
37:36 Fortified Wall
37:34 Murder Holes
38:31 Gold Mining
39:17 Wheelbarrow
38:04 Cavalier
39:20 Plate Barding Armor
39:45 Blast Furnace
38:49 Gillnets
41:26 Chemistry
40:45 Pikeman
41:25 Squires
41:27 Scale Mail Armor
41:26 Halberdier
43:07 Conscription
43:03 Chain Mail Armor
45:00 Plate Mail Armor
48:38 Heavy Warships
51:58 Hand Cart
51:29 Town Watch
obs11122
5:02 Loom
13:18 Feudal Age
14:02 Double-Bit Axe
22:05 Castle Age
21:08 Forging
23:02 Medium Warships
22:39 Fishing Lines
24:21 Bow Saw
24:39 Horse Collar
28:00 Wheelbarrow
27:21 Gold Mining
28:28 Gillnets
28:45 Town Watch
32:06 Imperial Age
29:32 Stone Mining
30:23 Scale Mail Armor
31:34 Chain Mail Armor
30:41 Champi Runner
32:49 Iron Casting
31:37 Champi Warrior
33:21 Plate Mail Armor
33:38 Hand Cart
33:07 Elite Champi Warrior
36:11 Blast Furnace
35:36 Fletching
36:35 Arson
36:58 Heavy Plow
37:48 Bodkin Arrow
38:15 Ballistics
38:55 Chemistry
38:51 Conscription
38:39 Padded Archer Armor
40:04 Leather Archer Armor
39:56 Siege Engineers
40:06 Malon
40:01 Treadmill Crane
40:04 Pikeman
41:30 Ring Archer Armor
42:07 Butalmapu
44:03 Masonry
44:14 Bombard Tower
48:18 Arrowslits
48:39 Siphons
49:59 Heavy Warships
50:30 Gold Shaft Mining
50:49 Sappers
51:56 Hoardings
51:28 Elite Kona
52:22 Fervor
52:33 Sanctity
53:15 Architecture
52:56 Careening
52:56 Clinker Construction
52:42 Murder Holes
53:27 Stone Shaft Mining
52:20 Pikeman
53:35 Crop Rotation
52:47 Elite Skirmisher
56:01 Demolition Ship
57:05 Carvel Hull
56:50 Devotion
56:50 Atonement
56:46 Herbal Medicine
57:27 Theocracy
Connection lost

Rejoining the realm…

Still unreachable

The connection could not be restored.

Session expired

The server has moved on; the page needs a fresh start.